 Dungeon Crawl Stone Soup version 0.19-a0-593-gf2cdb02 (webtiles) character file.

867 mistymad the Sneak (level 7, -7/52 HPs)
             Began as a Vampire Enchanter on June 11, 2016.
             Killed by divine providence
             ... invoked by an orc priest
              (13 damage)
             ... on level 6 of the Dungeon.
             The game lasted 00:10:55 (5985 turns).

mistymad the Sneak (Vampire Enchanter)              Turns: 5985, Time: 00:10:55

Health: -7/52      AC:  4    Str:  7    XL:     7   Next: 73%
Magic:  2/12       EV: 14    Int: 17    God:
Gold:   258        SH:  0    Dex: 17    Spells: 3 memorised, 7 levels left

rFire  . . .     SeeInvis +     J - +2 dagger (flame)
rCold  + . .     Gourm    .     b - +1 robe
rNeg   + + .     Faith    .     (no shield)
rPois  +         Spirit   .     (no helmet)
rElec  .         Dismiss  .     e - +0 cloak
rCorr  .         Reflect  .     (no gloves)
SustAt .         Harm     .     (no boots)
MR     .....                    (no amulet)
Stlth  ++++......               (no ring)
                                (no ring)

@: regenerating slowly, not resistant to hostile enchantments, stealthy
A: fangs 3, see invisible, unbreathing
a: Bat Form


You were on level 6 of the Dungeon.
You were thirsty.

You visited 2 branches of the dungeon, and saw 7 of its levels.
You also visited: Sewer.

You collected 258 gold pieces.

Inventory:

Hand Weapons
 J - a +2 dagger of flaming (weapon)
Missiles
 I - a throwing net (quivered)
Armour
 b - a +1 robe (worn)
 e - a +0 cloak (worn)
 E - the +0 buckler of the Bull {rF+, unknown}
   (You found it on level 4 of the Dungeon)

   It protects you from fire.
Jewellery
 j - an uncursed amulet of the gourmand {unknown}
 k - an uncursed amulet of harm {unknown}
 v - an uncursed ring of magical power {unknown}
 F - an uncursed ring of flight {unknown}
 G - a cursed amulet of inaccuracy {unknown}
Wands
 p - a wand of polymorph (1/24)
Scrolls
 a - a scroll of identify {unknown}
 f - a scroll of torment {unknown}
 n - 3 scrolls of teleportation {unknown}
 q - a scroll of immolation {unknown}
 r - a scroll of amnesia {unknown}
 s - a scroll of enchant weapon {unknown}
 t - 2 scrolls of noise {unknown}
 u - a scroll of magic mapping {unknown}
 x - a scroll of random uselessness {unknown}
 y - 2 scrolls of fear {unknown}
 D - 2 scrolls of remove curse {unknown}
 H - a scroll of fog {unknown}
 K - a scroll of enchant armour {unknown}
Potions
 d - 4 potions of blood
 g - 2 potions of cure mutation {unknown}
 h - 2 potions of lignification {unknown}
 i - 6 potions of curing {unknown}
 l - a potion of might {unknown}
 m - a potion of cancellation {unknown}
 o - a potion of magic {unknown}
 w - 2 potions of mutation {unknown}
 z - 3 potions of heal wounds {unknown}
 A - 2 potions of degeneration {unknown}
 B - a potion of invisibility {unknown}
 C - 3 potions of agility
Books
 c - a book of Maledictions

   Spells                             Type                      Level
   a - Corona                         Hexes                        1
   b - Ensorcelled Hibernation        Hexes/Ice                    2
   c - Confuse                        Hexes                        3
   d - Tukima's Dance                 Hexes                        3
   e - Dazzling Spray                 Conjuration/Hexes            3


   Skills:
 + Level 3.2 Fighting
 + Level 3.8 Short Blades
 + Level 4.3 Dodging
 + Level 7.2 Stealth
 + Level 3.7 Spellcasting
 + Level 6.5 Hexes


You had 7 spell levels left.
You knew the following spells:

 Your Spells              Type           Power        Failure   Level  Hunger
a - Corona                Hex            ####...      1%          1    None
b - Ensorcelled Hibernat  Hex/Ice        ##....       10%         2    ##.....
c - Confuse               Hex            ####....     4%          3    ###....


Dungeon Overview and Level Annotations

Branches:
Dungeon (6/15)             Temple (1/1) D:5

Altars:
Cheibriados
Elyvilon
Fedhas
Gozag
Hepliaklqana
Kikubaaqudgha
Nemelex Xobeh
Pakellas
Sif Muna
Uskayaw
Vehumet
Xom
Yredelemnul
Zin
The Shining One


Innate Abilities, Weirdness & Mutations

You heal slowly.
You have razor-sharp teeth.
You have supernaturally acute eyesight. (SInv)
You can survive without breathing.


Message History

You hit the orc priest. You burn the orc priest.
The orc priest is moderately wounded.
The orc priest hits you with a flail!
You take 10 damage, and have 22/52 hp.
You hit the orc priest. You burn the orc priest.
The orc priest is heavily wounded.
The orc warrior hits you with a mace!
* * * LOW HITPOINT WARNING * * *
You take 14 damage, and have 8/52 hp.
MASSIVE DAMAGE!!
The orc priest hits you with a flail.
* * * LOW HITPOINT WARNING * * *
You take 3 damage, and have 5/52 hp.
The orc barely misses you.
The orc priest miscasts a cantrip.
The orc priest miscasts a cantrip.
The orc priest miscasts a cantrip.
The orc priest looks braver for a moment.
The orc priest calls down the wrath of Beogh upon you.
Beogh smites you!
You die...

.### #...........
.....###..#####.#.##
#.....# #.#.#####
#.....#####........
#.............#####
#......####.###
####...#....#
#...#.#### .....#@#
####.##.# #.##.#
#.##.# #.# #. #.#
#####.##o#
.......oo#
.####....##


You could see an orc warrior, an orc priest and an orc.

Vanquished Creatures
  Duvessa (D:5)
  Purgy (Sewer)
  Dowan (D:5)
  A scorpion (D:5)
  A crimson imp (D:5)
  A howler monkey (D:4)
  A hound (D:4)
  An orc priest (D:3)
  A centaur skeleton (D:5)
  Jessica (D:4)
  Natasha (thrice) (D:3 D:4)
  Terence (D:3)
  An iguana (D:5)
  A worker ant (D:4)
  8 adders
  4 gnolls (D:4)
  2 oozes
  An adder skeleton (D:4)
  5 worms
  2 dart slugs
  3 giant geckos
  13 orcs
  2 ball pythons (D:4)
  8 giant cockroaches
  4 hobgoblins
  A jackal (D:5)
  6 kobolds
  2 quokkas (D:5)
  10 bats
  3 giant newts
  9 goblins
  12 rats
  2 rat zombies (D:5)
113 creatures vanquished.

Notes
Turn   | Place    | Note
--------------------------------------------------------------
     0 | D:1      | mistymad the Vampire Enchanter began the quest for the Orb.
     0 | D:1      | Reached XP level 1. HP: 13/13 MP: 3/3
   309 | D:1      | Reached XP level 2. HP: 20/20 MP: 5/5
   313 | D:1      | Learned a level 2 spell: Ensorcelled Hibernation
   670 | D:2      | Found a sparkling altar of Nemelex Xobeh.
  1007 | D:2      | Reached XP level 3. HP: 25/25 MP: 6/6
  1012 | D:2      | Learned a level 3 spell: Confuse
  1086 | D:2      | Reached skill level 1 in Fighting
  1086 | D:2      | Reached skill level 5 in Stealth
  1166 | D:2      | Reached XP level 4. HP: 24/32 MP: 3/7
  1576 | D:3      | Noticed Natasha
  1581 | D:3      | Killed Natasha
  1699 | D:3      | Reached skill level 5 in Hexes
  1708 | D:3      | Reached XP level 5. HP: 16/37 MP: 1/9
  1915 | D:3      | Found a basalt altar of Yredelemnul.
  1954 | D:3      | Found a hide-covered altar of Uskayaw.
  1958 | D:3      | Noticed Terence
  1963 | D:3      | Killed Terence
  1968 | D:3      | Noticed Natasha
  1979 | D:3      | Killed Natasha
  2075 | D:3      | Found a faded altar of an unknown god.
  2134 | D:3      | Found a glowing silver altar of Zin.
  2134 | D:3      | Found a shimmering altar of Xom.
  2134 | D:3      | Noticed an angel
  2418 | D:4      | Noticed Natasha
  2423 | D:4      | Killed Natasha
  2428 | D:4      | Found a glowing drain.
  2498 | Sewer    | Entered a sewer
  2503 | Sewer    | Noticed Purgy
  2505 | Sewer    | Killed Purgy
  2505 | Sewer    | Reached skill level 6 in Stealth
  2505 | Sewer    | Reached XP level 6. HP: 44/44 MP: 10/10
  2710 | D:4      | Got a brightly glowing buckler
  3007 | D:4      | Noticed Jessica
  3012 | D:4      | Killed Jessica
  3014 | D:4      | Found a deep blue altar of Sif Muna.
  3993 | D:4      | Reached XP level 7. HP: 49/51 MP: 6/11
  4125 | D:5      | Entered Level 5 of the Dungeon
  4138 | D:5      | Noticed Duvessa
  4139 | D:5      | Noticed Dowan
  4161 | D:5      | Killed Duvessa
  4172 | D:5      | Killed Dowan
  4223 | D:5      | Found an ancient bone altar of Kikubaaqudgha.
  4302 | D:5      | Reached skill level 7 in Stealth
  4374 | D:5      | Found a staircase to the Ecumenical Temple.
  4388 | Temple   | Entered the Ecumenical Temple
  5249 | D:5      | Found an oddly glowing altar of Pakellas.
  5289 | D:5      | Found a hazy altar of Hepliaklqana.
  5985 | D:6      | Killed from afar by an orc priest

Vault maps used:
D:1:      mrwooster_arrival_statue_2
D:2:      nemelex_xobeh_ov_fountains_minmay
D:3:      grunt_temple_overflow_order_and_chaos_1, lemuel_doored_altar,
          lemuel_round_altar, ecumenical_altar_1, uniq_terence, uniq_natasha
D:4:      portal_sewer_entry_a, tgw_sif
D:5:      grunt_pakellas_basics, old_standard_altar,
          lemuel_zombie_altar_kikubaaqudgha, minmay_temple_entry_trees,
          first_bread, uniq_duvessa
D:6:      serial_shops, nicolae_shop_competitors_out_of_business, shop,
          nicolae_shop_waterfront
Temple:   hc_temple_tempest_star_small
Sewer:    kennysheep_door_sewer

Skill      XL: |  1  2  3  4  5  6  7 |
---------------+----------------------+-----
Fighting       | 1 2 3 |  3.2
Stealth        | 5 6 7 |  7.2
Short Blades   | 2 3 |  3.8
Hexes          | 5 6 |  6.5
Dodging        | 3 4 |  4.3
Spellcasting   | 3 |  3.7

Action                   |  1- 3 |  4- 6 |  7- 9 || total
-------------------------+-------+-------+-------++-------
Melee: Dagger            |    77 |   124 |   118 ||   319
       Bite              |     5 |    13 |    11 ||    29
 Cast: Corona            |     1 |       |       ||     1
       Ensorcelled Hiber |     4 |    21 |       ||    25
       Confuse           |       |     6 |    15 ||    21
  Use: Potion            |       |     5 |     4 ||     9
 Stab: Sleeping          |    17 |    27 |     7 ||    51
       Confused          |       |     1 |     6 ||     7
Armor: Robe              |    11 |    19 |    14 ||    44
Dodge: Dodged            |    42 |    69 |    45 ||   156
